 Dungeon Crawl Stone Soup version 0.21-a0-215-g0631661 (webtiles) character file.

1700 Savaroth the Fighter (level 8, 45/75 HPs)
             Began as a Minotaur Berserker on Aug 22, 2017.
             Was a Believer of Trog.
             Quit the game on level 5 of the Dungeon.
             The game lasted 00:08:48 (3311 turns).

Savaroth the Fighter (Minotaur Berserker)           Turns: 3311, Time: 00:08:49

Health: 45/75      AC: 11    Str: 22    XL:     8   Next: 73%
Magic:  7/7        EV: 16    Int:  4    God:    Trog [**....]
Gold:   151        SH:  0    Dex: 12    Spells: 7/7 levels left

rFire    . . .     SeeInvis .   a - +0 hand axe
rCold    . . .     Gourm    .   (no shield)
rNeg     . . .     Faith    .   v - +0 scale mail
rPois    .         Spirit   .   (helmet restricted)
rElec    .         Reflect  .   r - +2 cloak {MR+}
rCorr    .         Harm     .   (no gloves)
MR       +++..                  (no boots)
Stlth    ..........             (no amulet)
HPRegen  1.22/turn              k - +5 ring of evasion
MPRegen  0.10/turn              (no ring)

@: berserk cooldown, regenerating, slowed, very slow
A: retaliatory headbutt, horns 2
a: Berserk, Trog's Hand, Burn Spellbooks, Renounce Religion


You were on level 5 of the Dungeon.
You worshipped Trog.
Trog was pleased with you.
You were near starving.

You visited 1 branch of the dungeon, and saw 5 of its levels.

You collected 151 gold pieces.

Inventory:

Hand Weapons
 a - a +0 hand axe (weapon)
Armour
 r - a +2 cloak of magic resistance (worn)
 v - a +0 scale mail (worn)
Jewellery
 k - a +5 ring of evasion (left hand)
Wands
 d - a wand of acid (7/15)
Scrolls
 e - 3 scrolls of identify
 f - a scroll of blinking {unknown}
 i - 3 scrolls of teleportation
 m - 2 scrolls of fog {unknown}
 o - 2 scrolls of remove curse
 u - a scroll of enchant armour
 w - a scroll of enchant weapon {unknown}
Potions
 b - 3 potions of mutation {unknown}
 j - a potion of brilliance {unknown}
 l - a potion of berserk rage {unknown}
 n - a potion of cancellation {unknown}
 p - a potion of curing {unknown}
 q - a potion of heal wounds {unknown}
 s - a potion of degeneration {unknown}
 x - a potion of invisibility {unknown}
Comestibles
 c - 3 bread rations
 g - 2 meat rations
 h - 6 fruits
 t - a royal jelly


   Skills:
 + Level 8.5 Fighting
 + Level 8.5 Axes
 + Level 8.2 Armour
 - Level 2.1 Dodging


You had 7 spell levels left.
You didn't know any spells.

Dungeon Overview and Level Annotations

Branches:
Dungeon (5/15)
 Temple: D:4-7

Altars:
Ashenzari
Ru
Sif Muna
Vehumet
Xom
The Shining One

Annotations:
D:4 Dowan, Duvessa


Innate Abilities, Weirdness & Mutations

You reflexively headbutt those who attack you in melee.
You have a pair of horns on your head.


Message History

Trog accepts your kill.
Trog appreciates your killing of a magic user.
You slash the crimson imp!
You kill the crimson imp!
Trog accepts your kill.
Your Armour skill increases to level 8!
Things that are here:
a mace; a robe You slash Menkaure!
You headbutt Menkaure!
You destroy Menkaure!
Trog accepts your kill.
Trog appreciates your killing of a magic user.
You start resting.
You feel a strong urge to attack something.
You start resting.
You are no longer berserk.
You are exhausted.
You feel yourself slow down.
Unknown command.
Are you sure you want to abandon this character and quit the game? (Confirm with "yes".)

## .... ...
#.[..... ...#
#......
#...######......
#...............
#..............
............#
#.@....# #..)...#
#....#.##
........#..# .#
...###...##.###.##
#. #...##.......#
# #...##..##..)#
.........#...#
#########.#..##


There were no monsters in sight!

Vanquished Creatures
  Pikel (D:4)
  Grinder (D:5)
  Sigmund (D:2)
  Menkaure (D:5)
  Edmund (D:4)
  A phantom (D:4)
  A slave (D:4)
  Blork the orc (D:5)
  2 crimson imps
  A hound (D:5)
  Crazy Yiuf (D:2)
  2 orc wizards (D:3)
  2 bullfrog skeletons (D:4)
  An iguana (D:4)
  Natasha (twice) (D:4)
  Robin (D:2)
  4 gnolls (D:4)
  8 adders
  An adder skeleton (D:4)
  2 worms (D:4)
  2 dart slugs
  7 orcs
  2 ball pythons
  4 bats
  2 giant cockroaches
  12 goblins
  8 hobgoblins
  3 jackals (D:4)
  A quokka (D:4)
  5 frilled lizards
  A jackal skeleton (D:5)
  8 kobolds
  6 rats
96 creatures vanquished.

Vanquished Creatures (others)
  A frilled lizard (D:4)
1 creature vanquished.

Grand Total: 97 creatures vanquished

Notes
Turn   | Place    | Note
-------+----------+-------------------------------------------
     0 | D:1      | Savaroth the Minotaur Berserker began the quest for the Orb.
     0 | D:1      | Reached XP level 1. HP: 19/19 MP: 0/0
   144 | D:1      | Reached XP level 2. HP: 26/27 MP: 1/1
   847 | D:2      | Reached XP level 3. HP: 34/34 MP: 2/2
   871 | D:2      | Reached ** piety under Trog
   961 | D:2      | Noticed Sigmund
   986 | D:2      | Killed Sigmund
   986 | D:2      | Reached skill level 5 in Fighting
   986 | D:2      | Reached skill level 5 in Axes
   986 | D:2      | Reached XP level 4. HP: 16/42 MP: 3/3
   986 | D:2      | Reached XP level 5. HP: 18/48 MP: 4/4
  1194 | D:2      | Noticed Robin
  1216 | D:2      | Killed Robin
  1570 | D:2      | Found a runed door.
  1575 | D:2      | Noticed Crazy Yiuf
  1583 | D:2      | Killed Crazy Yiuf
  1583 | D:2      | Reached XP level 6. HP: 37/56 MP: 5/5
  1640 | D:3      | Found a shattered altar of Ashenzari.
  1694 | D:3      | Found a faded altar of an unknown god.
  1797 | D:3      | Reached skill level 5 in Armour
  2487 | D:4      | Noticed Edmund
  2490 | D:4      | Noticed Natasha
  2497 | D:4      | Killed Natasha
  2498 | D:4      | Killed Edmund
  2498 | D:4      | Reached XP level 7. HP: 63/63 MP: 6/6
  2603 | D:4      | Found a glowing golden altar of the Shining One.
  2603 | D:4      | Found a shimmering altar of Xom.
  2608 | D:4      | Found a deep blue altar of Sif Muna.
  2610 | D:4      | Found a sacrificial altar of Ru.
  2612 | D:4      | Found a faded altar of an unknown god.
  2629 | D:4      | Noticed Natasha
  2635 | D:4      | Killed Natasha
  2765 | D:4      | Noticed Pikel
  2786 | D:4      | Killed Pikel
  2786 | D:4      | Reached XP level 8. HP: 45/74 MP: 7/7
  3178 | D:4      | Found a radiant altar of Vehumet.
  3179 | D:4      | Noticed Duvessa
  3179 | D:4      | Noticed Dowan
  3220 | D:5      | Entered Level 5 of the Dungeon
  3240 | D:5      | Noticed Grinder
  3249 | D:5      | Killed Grinder
  3296 | D:5      | Noticed Blork the orc
  3296 | D:5      | Noticed Menkaure
  3305 | D:5      | Killed Blork the orc
  3307 | D:5      | Killed Menkaure
  3311 | D:5      | Quit the game

Vault maps used:
D:1:      dpeg_arrival_radiant
D:2:      uniq_robin, uniq_sigmund, uniq_crazy_yiuf_cottage
D:3:      old_standard_altar, chequers_ecumenical_altar_simple_redux,
          first_bread
D:4:      nicolae_overflow_hidden_temple, chequers_temple_overflow_minitemple,
          minivault_19, uniq_pikel, uniq_natasha, uniq_duvessa, uniq_edmund
D:5:      sword_in_stone, uniq_grinder, uniq_menkaure, uniq_blork_the_orc

Skill      XL: |  1  2  3  4  5  6  7  8 |
---------------+-------------------------+-----
Fighting       | 4 5 6 7 8 |  8.5
Axes           | 4 5 6 7 8 |  8.5
Armour         | 3 4 5 7 8 |  8.2
Dodging        | |  2.1

Action                   |  1- 3 |  4- 6 |  7- 9 || total
-------------------------+-------+-------+-------++-------
Melee: Hand axe          |    79 |   102 |    90 ||   271
       Headbutt          |    12 |    15 |    21 ||    48
Invok: Trog's Hand       |     1 |     4 |     1 ||     6
       Berserk           |     1 |     1 |     1 ||     3
  Use: Scroll            |       |     4 |       ||     4
  Eat: Chunk             |       |     7 |     3 ||    10
       Fruit             |       |     1 |       ||     1
Armor: Chain mail        |    39 |    47 |       ||    86
       Animal skin       |     2 |       |       ||     2
       Scale mail        |       |     2 |    23 ||    25
Dodge: Dodged            |    45 |    66 |    41 ||   152

Table legend:
 A = Spawn XP
 B = Non-spawn XP
 C = Spawn XP percentage of total XP
 D = Spawn monster count
 E = Non-spawn monster count
 F = Spawn count percentage of total count
 G = Total turns spent on level
                    A         B        C        D         E        F      G
               +---------+---------+-------+---------+---------+-------+---------
         Total |      37 |    2392 |   1.5 |       7 |      88 |   7.4 |  3311
               +---------+---------+-------+---------+---------+-------+---------
           D:1 |       4 |      34 |  10.5 |       3 |      19 |  13.6 |   835
           D:2 |      28 |     321 |   8.0 |       2 |      22 |   8.3 |   771
           D:3 |       5 |     158 |   3.1 |       2 |      18 |  10.0 |   881
           D:4 |       0 |    1268 |   0.0 |       0 |      22 |   0.0 |   733
           D:5 |       0 |     611 |   0.0 |       0 |       7 |   0.0 |    91
               +---------+---------+-------+---------+---------+-------+---------
